 Dungeon Crawl Stone Soup version 0.31-a0-319-g4fced400ed (webtiles) character file.

Game seed: 17878993727301073717

8 Newt the Trooper (level 2, -1/23 HPs)
             Began as a Demonspawn Gladiator on July 17, 2023.
             Slain by a jackal (3 damage)
             ... on level 1 of the Dungeon.
             The game lasted 00:00:10 (63 turns).

Newt the Trooper (Demonspawn Gladiator)               Turns: 63, Time: 00:00:10

Health: -1/23      AC:  4    Str: 14    XL:     2   Next: 0%
Magic:  2/2        EV: 12    Int:  9    God:
Gold:   14         SH:  0    Dex: 14    Spells: 1/1 levels left

rFire   . . .        a - +0 rapier
rCold   . . .        (no shield)
rNeg    . . .        b - +0 leather armour
rPois   .            c - +0 helmet
rElec   .            (no cloak)
rCorr   .            (no gloves)
SInv    .            (no boots)
Will    .....        (no amulet)
Stlth   +            (no ring)
HPRegen 0.23/turn    (no ring)
MPRegen 0.08/turn

%: no passive effects
@: no status effects
A: demonic magic 1
a: no special abilities


You were on level 1 of the Dungeon.
You visited 1 branch of the dungeon, and saw 1 of its levels.

You collected 14 gold pieces.

Inventory:

Hand Weapons
 a - a +0 rapier (weapon)
Missiles
 d - 3 throwing nets (quivered)
 e - a javelin
Armour
 b - a +0 leather armour (worn)
 c - a +0 helmet (worn)
Scrolls
 f - a scroll of teleportation {unknown}


   Skills:
 + Level 2.7 Fighting
 - Level 2.6 Short Blades
 - Level 1.7 Throwing
 - Level 2.6 Dodging


You had one spell level left.
You didn't know any spells.
Your spell library was empty.

Dungeon Overview and Level Annotations

Branches:
Dungeon (1/15)

Altars:


Innate Abilities, Weirdness & Mutations

Spells you cast may paralyse adjacent enemies.


Message History

You hit the jackal.
The jackal is heavily wounded.
The jackal closely misses you. The jackal bites you.
You hit the jackal.
The jackal is almost dead.
The jackal closely misses you. x2; The jackal bites you.
The jackal bites you but does no damage. x2
You hit the jackal.
You kill the jackal!
The jackal bites you but does no damage.
The jackal bites you.
The jackal bites you but does no damage.
You have reached level 2!
Your demonic ancestry asserts itself...
A menacing aura infuses your magic. The jackal attacks as you move away!
The jackal bites you but does no damage.
The jackal misses you.
The jackal bites you but does no damage.
The jackal attacks as you move away! The jackal bites you.
The kobold attacks as you move away! The kobold hits you with a +0 dagger.
The jackal attacks as you move away! The jackal barely misses you. x2
You hit the jackal but do no damage.
The jackal bites you but does no damage.
You barely miss the jackal. The jackal bites you.
* * * LOW HITPOINT WARNING * * *
The jackal completely misses you.
You hit the jackal.
The jackal is moderately wounded.
The jackal barely misses you.
You barely miss the jackal.
The jackal is moderately wounded.
The jackal bites you.
* * * LOW HITPOINT WARNING * * *
The jackal bites you.
* * * LOW HITPOINT WARNING * * *
You barely miss the jackal.
The jackal is moderately wounded.
The jackal bites you.
You die...

#...........
###..#.#.#.####
###.............###
##........#........#
#.....#...#...#.....
##..#...#..#..#...#..
#....#..#..#..#..#...
#.....#..#.#.#..#†...
##..#@..#.#.#.#.#...#
#..wh##..#.#.#.#..##..
#.†.h..##.#...#.##....
#?.......#.....#......
##)######...<...######
###.).....#.....#....
#.)[....##.#...#.##...
#.....##..#.#.#.#..
#..
#....#...#.#.#.#.#...
.


You could see a dart slug and 2 jackals.

Vanquished Creatures
  2 goblins (D:1)
  2 jackals (D:1)
  A kobold (D:1)
  A quokka (D:1)
6 creatures vanquished.

Notes
Turn   | Place    | Note
-------+----------+-------------------------------------------
     0 | D:1      | Newt the Demonspawn Gladiator began the quest for the Orb.
     0 | D:1      | Reached XP level 1. HP: 16/16 MP: 1/1
    56 | D:1      | Gained mutation: Spells you cast may paralyse adjacent
                  | enemies. [demonic ancestry]
    56 | D:1      | Reached XP level 2. HP: 11/23 MP: 2/2
    63 | D:1      | Slain by a jackal

Illustrated notes

Levels and vault maps discovered:
D:1:      minmay_arrival_radiant_lines, layout_loops_ring

Action                     || total
---------------------------++-------
  Melee: Rapier            ||    19
 Armour: Leather armour    ||    19
  Dodge: Dodged            ||    28

Table legend: (Time is in decaauts)
 A = Elapsed time spent in this place.
 B = Non-inter-level travel time spent in this place.
 C = Inter-level travel time spent in this place.
 D = Time resting spent in this place.
 E = Time spent auto-exploring this place.
 F = Levels seen in this place.
 G = Mean time per level.
                   A        B        C        D        E       F      G
               +--------+--------+--------+--------+--------+-----+--------+
         Total |     64 |     64 |      0 |      0 |     26 |   1 |   64.0 |
       Dungeon |     64 |     64 |      0 |      0 |     26 |   1 |   64.0 |
               +--------+--------+--------+--------+--------+-----+--------+

Top non-repeatable levels by time:
     D:1: 64 daAuts
